 Dungeon Crawl Stone Soup version 0.17.1-2-g5865329 (webtiles) character file.

4 ololoev the Skirmisher (level 1, -3/18 HPs)
             Began as a Demonspawn Fighter on Feb 16, 2016.
             Slain by a slave (4 damage)
             ... led by Pikel
             ... on level 4 of the Dungeon.
             The game lasted 00:01:05 (169 turns).

ololoev the Skirmisher (Demonspawn Fighter)          Turns: 169, Time: 00:01:05

Health: -3/18      AC:  6    Str: 21    XL:     1   Next: 50%
Magic:  1/1        EV:  7    Int:  9    God:
Gold:   17         SH:  9    Dex: 12    Spells: 0 memorised, 0 levels left

rFire  . . .     SeeInvis .     a - +0 war axe
rCold  . . .     Clarity  .     b - +0 scale mail
rNeg   . . .     SustAt   .     c - +0 shield
rPois  .         Gourm    .     (no helmet)
rElec  .         Spirit   .     (no cloak)
rCorr  .         Warding  .     (no gloves)
rMut   .         Stasis   .     (no boots)
MR     .....                    (no amulet)
Stlth  ..........               (no ring)
                                (no ring)

@: mighty, not resistant to hostile enchantments, extremely unstealthy
A: no striking features
a: no special abilities

Inventory:

Hand Weapons
 a - a +0 war axe (weapon)
Armour
 b - a +0 scale mail (worn)
 c - a +0 shield (worn)
Potions
 d - a potion of might
Comestibles
 e - 2 bread rations
 f - a meat ration


   Skills:
 - Level 3.0 Fighting
 * Level 1.9 Axes
 + Level 2.9 Armour
 - Level 2.6 Shields


You couldn't memorise any spells.
You didn't know any spells.


You were on level 4 of the Dungeon.
You were not hungry.

You visited 1 branch of the dungeon, and saw 4 of its levels.

You collected 17 gold pieces.

#######
.....$. ##
..... ∩##
.... ...#
###..##..###
#...pKp....#
#pp@# #...#
#...# .....#
####..# #...
#(.# #.##

Notes
Turn   | Place    | Note
--------------------------------------------------------------
     0 | D:1      | ololoev the Demonspawn Fighter began the quest for the Orb.
     0 | D:1      | Reached XP level 1. HP: 18/18 MP: 1/1
   165 | D:4      | Found Kiumos's Magic Scroll Shop.
   165 | D:4      | Noticed Pikel
   165 | D:4      | Noticed a slave
   165 | D:4      | Noticed a slave
   165 | D:4      | Noticed a slave
   165 | D:4      | Noticed a slave
   169 | D:4      | Slain by a slave

Dungeon Overview and Level Annotations

Branches:
Dungeon (4/15)
 Temple: D:4-7

Altars:

Shops:
D:4 ?

Annotations:
D:4 Pikel


Message History

There is a stone staircase leading up here.
Found 13 gold pieces.
Found a stone staircase leading down.
You now have 17 gold pieces (gained 13).
There is a stone staircase leading down here.
You climb downwards. 4 slaves and Pikel come into view.
Pikel shouts!
The slave shouts!
The slave shouts!
The slave shouts!
The slave shouts!
Found 15 gold pieces and 15 arrows.
Found Kiumos's Magic Scroll Shop.
There is a stone staircase leading up here.
Drink which item? (? for menu, Esc to quit)
You feel very mighty all of a sudden. You block Pikel's attack.
You barely miss Pikel. You hit the slave.
The slave is lightly wounded.
Pikel hits you but does no damage. You block the slave's attack.
Unknown command.
You closely miss Pikel. You slash the slave!
The slave is moderately wounded.
Your shield prevents you from hitting the slave.
The slave is lightly wounded.
You slash the slave!
The slave is moderately wounded.
The slave hits you. The slave completely misses you.
The slave barely misses you.
Pikel says, "I just want to get paid!"
Pikel hits you with a whip of flaming. Pikel burns you.
You block the slave's attack. x2
You slash Pikel!
Pikel is moderately wounded.
You barely miss the slave.
The slave is moderately wounded.
You hit the slave.
The slave is moderately wounded.
You slash the slave!
The slave is heavily wounded.
You block the slave's attack. Pikel hits you with a whip of flaming.
Pikel burns you. The slave hits you! The slave hits you.
You die...

You could see Pikel and 4 slaves.

Vanquished Creatures
  A bat (D:2)
  2 giant newts (D:2)
  A kobold (D:2)
  A rat (D:2)
5 creatures vanquished.

Action                   || total
-------------------------++-------
Melee: War axe           ||    19
  Use: Potion            ||     1

Vault maps used:
D:1:      lemuel_arrival_river_bridge, minmay_misc_feat_encased
D:2:      minmay_shallow_snake_nest
D:3:      minmay_crystal_room, uniq_jessica
D:4:      kennysheep_vampire_church, serial_shops,
          nicolae_shop_temple_entry_statues_fountains, shop, shop_coins,
          nicolae_shop_stone, shop, uniq_natasha, uniq_pikel
